 Dungeon Crawl Stone Soup version 0.29-a0-1-gf2d273c862 (webtiles) character file.

Game seed: 8975729513733337671

17 Grim the Shield-Bearer (level 2, 0/17 (24) HPs)
             Began as a Formicid Fighter on Jan 26, 2022.
             Slain by an orc wizard (1 damage)
             ... on level 2 of the Dungeon.
             The game lasted 00:01:48 (886 turns).

Grim the Shield-Bearer (Formicid Fighter)            Turns: 886, Time: 00:01:49

HP:   0/17 (24)     AC:  6    Str: 20    XL:     2   Next: 80%
MP:   2/2           EV:  9    Int:  7    God:
Gold: 60            SH:  4    Dex: 10    Spells: 1/1 levels left

rFire   . . .      SeeInvis +   a - +0 flail
rCold   . . .      Faith    .   c - +0 buckler
rNeg    . . .      Spirit   .   b - +0 scale mail
rPois   .          Reflect  .   (helmet unavailable)
rElec   .          Harm     .   (no cloak)
rCorr   .          Rampage  .   (no gloves)
Will    .....                   (no boots)
Stlth   ..........              (no amulet)
HPRegen 0.05/turn               (no ring)
MPRegen 0.08/turn               (no ring)

@: very heavily drained
A: permanent stasis, dig shafts and tunnels, antennae 3, four strong arms
a: Dig, Shaft Self


You were on level 2 of the Dungeon.
You visited 1 branch of the dungeon, and saw 2 of its levels.

You collected 60 gold pieces.

Inventory:

Hand Weapons
 a - a +0 flail (weapon)
Armour
 b - a +0 scale mail (worn)
 c - a +0 buckler (worn)
Scrolls
 e - 2 scrolls of identify {unknown}
 f - a scroll of teleportation {unknown}
 h - 2 scrolls of fear {unknown}
 i - a scroll of immolation {unknown}
Potions
 d - a potion of might
 g - a potion of heal wounds {unknown}


   Skills:
 - Level 3.2 Fighting
 + Level 3.1 Maces & Flails
 - Level 3.2 Armour
 - Level 3.6 Shields


You had one spell level left.
You didn't know any spells.
Your spell library contained the following spells:

 Spells                   Type           Power      Damage    Failure   Level
 Hailstorm                Conj/Ice       0%         3d3       100%        4
 Ice Form                 Ice/Tmut       0%         N/A       100%        4
 Simulacrum               Ice/Necr       0%         N/A       100%        6


Dungeon Overview and Level Annotations

Branches:
Dungeon (2/15)

Altars:
Uskayaw


Innate Abilities, Weirdness & Mutations

You cannot be hasted, slowed, berserked, paralysed or teleported.
You can dig through walls and to a lower floor.
You have a pair of large antennae on your head. (SInv)
Your four strong arms can wield two-handed weapons with a shield.


Message History

You barely miss the orc wizard.
The orc wizard hits you but does no damage.
You feel drained.
You closely miss the orc wizard. You block the orc's attack.
The orc wizard barely misses you.
An orc comes into view. It is wielding a +0 whip.
You barely miss the orc. The orc closely misses you.
The orc wizard hits you with a +4 dagger of draining.
You feel drained.
The orc wizard hits you with a +4 dagger of draining.
* * * LOW HITPOINT WARNING * * *
You feel drained.
You thump the orc wizard!
The orc wizard is severely wounded.
The orc hits you but does no damage. You block the orc wizard's attack.
The orc hits you with a +0 dagger.
* * * LOW HITPOINT WARNING * * *
The orc wizard hits you with a +4 dagger of draining.
* * * LOW HITPOINT WARNING * * *
You feel drained.
You closely miss the orc wizard.
The orc wizard is severely wounded.
You block the orc's attack.
The orc wizard hits you with a +4 dagger of draining.
* * * LOW HITPOINT WARNING * * *
You feel drained.
* * * LOW HITPOINT WARNING * * *
You closely miss the orc wizard.
The orc wizard is severely wounded.
The orc hits you but does no damage.
The orc wizard hits you with a +4 dagger of draining.
* * * LOW HITPOINT WARNING * * *
You feel drained.
You hit the orc wizard but do no damage.
The orc wizard is severely wounded.
The orc hits you but does no damage.
The orc wizard hits you with a +4 dagger of draining.
* * * LOW HITPOINT WARNING * * *
You feel drained.
You die...

#.# #.# #...< #.# #.###.###
#.#### ##....# #....#
####'## ####.## ##...##
#..## ##.....#
####...####.......
...#######o......##........
......owoo@.......+.....)..
..#########.._..###........
#.....# ##....... #.....#
##.....# ###..## ##.<.##
##.# ##'## #.# #.# #.# #.#
#.# ##.###


You could see a worm, an orc wizard (invisible) and 3 orcs.

Vanquished Creatures
  A bat (D:1)
  An endoplasm (D:1)
  A giant cockroach (D:1)
  A goblin (D:1)
  2 jackals (D:1)
  3 kobolds (D:1)
  A quokka (D:1)
  2 ball pythons (D:1)
  2 frilled lizards (D:1)
  A rat (D:1)
15 creatures vanquished.

Notes
Turn   | Place    | Note
-------+----------+-------------------------------------------
     0 | D:1      | Grim the Formicid Fighter began the quest for the Orb.
     0 | D:1      | Reached XP level 1. HP: 18/18 MP: 1/1
    96 | D:1      | Reached XP level 2. HP: 24/24 MP: 2/2
   834 | D:2      | Found a hide-covered altar of Uskayaw.
   886 | D:2      | Slain by an orc wizard

Illustrated notes

Levels and vault maps discovered:
D:1:      erik_arrival_blinker_ship, layout_rooms, minmay_misc_feat_x,
          corexii_leaking_fountain, st_stairs_12
D:2:      minmay_wonky_spiral, layout_loops_corners, basic_altar,
          ebering_ecumenical_altar_mist, minmay_pentomino_w2, uniq_sigmund

Skill      XL: |  1  2 |
---------------+-------+-----
Maces & Flails | 3 |  3.1
Fighting       | |  3.2
Armour         | |  3.2
Shields        | |  3.6

Action                   || total
-------------------------++-------
Melee: Flail             ||    56
Armor: Scale mail        ||    20
Dodge: Dodged            ||    37
Block: Buckler           ||    13

Table legend: (Time is in decaauts)
 A = Elapsed time spent in this place.
 B = Non-inter-level travel time spent in this place.
 C = Inter-level travel time spent in this place.
 D = Time resting spent in this place.
 E = Time spent auto-exploring this place.
 F = Levels seen in this place.
 G = Mean time per level.
                   A        B        C        D        E       F      G
               +--------+--------+--------+--------+--------+-----+--------+
         Total |    901 |    895 |      6 |    146 |    535 |   2 |  450.5 |
       Dungeon |    901 |    895 |      6 |    146 |    535 |   2 |  450.5 |
               +--------+--------+--------+--------+--------+-----+--------+

Top non-repeatable levels by time:
     D:1: 706 daAuts
     D:2: 194 daAuts
